 Dungeon Crawl Stone Soup version 0.26-a0-812-g31a745ddcd (webtiles) character file.

Game seed: 4485629435883209258

10733 tognito the Severer (level 11, -5/82 HPs)
             Began as a Minotaur Berserker on Nov 25, 2020.
             Was a High Priest of Trog.
             Slain by a boulder beetle (16 damage)
             ... on level 11 of the Dungeon.
             The game lasted 00:29:24 (11569 turns).

tognito the Severer (Minotaur Berserker)           Turns: 11569, Time: 00:29:25

Health: -5/82      AC: 19    Str: 25    XL:     11   Next: 40%
Magic:  10/10      EV:  8    Int:  4    God:    Trog [*****.]
Gold:   831        SH:  0    Dex: 10    Spells: 10/10 levels left

rFire    . . .     SeeInvis .   a - +4 battleaxe (flame)
rCold    . . .     Faith    .   (shield currently unavailable)
rNeg     . . .     Spirit   .   A - +0 plate armour
rPois    .         Reflect  .   (helmet restricted)
rElec    .         Harm     .   f - +0 cloak
rCorr    .         Rampage  .   (no gloves)
MR       ++...                  z - +0 pair of boots
Stlth    ..........             (no amulet)
HPRegen  1.23/turn              (no ring)
MPRegen  0.12/turn              (no ring)

@: lethally poisoned (-5 -> -5), berserk cooldown, regenerating, slowed, very
slow
A: retaliatory headbutt, horns 2, iridescent scales 1, thin metallic scales 1
a: Berserk, Trog's Hand, Brothers in Arms, Renounce Religion


You were on level 11 of the Dungeon.
You worshipped Trog.
Trog was extremely pleased with you.
You visited 1 branch of the dungeon, and saw 11 of its levels.
You also visited: Sewer.

You collected 831 gold pieces.

Inventory:

Hand Weapons
 a - a +4 battleaxe of flaming (weapon)
 b - a +0 hand crossbow
 C - a +3 broad axe of flaming
 K - a +4 vorpal hand axe
Missiles
 i - 76 poisoned darts (quivered)
 m - 71 bolts
 y - 22 boomerangs
Armour
 f - a +0 cloak (worn)
 z - a +0 pair of boots (worn)
 A - a +0 plate armour (worn)
Jewellery
 M - an uncursed ring of magical power {unknown}
Wands
 u - a wand of polymorph (16)
 D - a wand of acid (7)
 E - a wand of iceblast (7)
 G - a wand of paralysis (5)
 I - a wand of disintegration (12)
 J - a wand of enslavement (9)
 L - a wand of flame (21)
Scrolls
 e - 2 scrolls of teleportation
 g - 5 scrolls of remove curse
 h - 4 scrolls of blinking {unknown}
 j - 2 scrolls of noise {unknown}
 k - 9 scrolls of identify
 l - 5 scrolls of magic mapping
 n - 2 scrolls of torment {unknown}
 q - a scroll of immolation {unknown}
 t - 2 scrolls of amnesia {unknown}
 v - a scroll of fog
 w - 2 scrolls of enchant armour {unknown}
 x - 3 scrolls of enchant weapon {unknown}
Potions
 d - a potion of magic
 o - 7 potions of curing
 p - a potion of haste
 r - 6 potions of flight
 s - 7 potions of heal wounds
 F - 2 potions of cancellation
Miscellaneous
 H - a box of beasts


   Skills:
 - Level 3.6 Fighting
 * Level 19.2 Axes
 + Level 5.5 Armour
 + Level 2.7 Dodging


You had 10 spell levels left.
You didn't know any spells.
Your spell library was empty.

Dungeon Overview and Level Annotations

Branches:
Dungeon (11/15)            Temple (0/1) D:5            Lair (0/6) D:10
    Orc (0/2) D:9           Sewer (visited)

Altars:
Fedhas
Beogh

Shops:
D:10 !   D:11 [=

Annotations:
D:5 2 transporters, raph's ghost, amateur DsIE
D:11 Nergalle


Innate Abilities, Weirdness & Mutations

You reflexively headbutt those who attack you in melee.
You have a pair of horns on your head.
You are partially covered in iridescent scales. (AC +2)
You are partially covered in thin metallic scales. (AC +2)


Message History

Okay, then.
Your ogre hits the boulder beetle with a +0 giant club!
Throwing (i - inventory. (/) - cycle)
i - 77 poisoned darts (quivered)
Press: ? - help, Shift-Dir - straight line, f - boulder beetle
Aim: a boulder beetle (lightly wounded)
You throw a poisoned dart.
The poisoned dart hits the boulder beetle.
The boulder beetle is lightly wounded.
You feel sick.
The boulder beetle curls into a ball and begins rolling!
Your ogre hits the boulder beetle with a +0 giant club!
Something hits you.
* * * LOW HITPOINT WARNING * * *
Deactivating autopickup; reactivate with Ctrl-A.
Your ogre hits the boulder beetle with a +0 giant club.
You see here a killer bee corpse.
You feel sick.
Your ogre is no longer berserk.
Something hits you but does no damage. The boulder beetle hits you!
You die...

.. ....# ..#
#..###'..# ..#
#........###..#
#....°.......#
#.....°......###
#.....O○........
#.....○†........
#.....B†.†......
#.....@.).......
#...............
######..........
#..........
#.#+####... #.#
... #.# .. #.#


You could see a boulder beetle and a friendly ogre (summoned, slow).

Vanquished Creatures
  A centaur warrior (D:10)
  A death yak (D:10)
  Pikel (D:6)
  2 cyclopes (D:11)
  A centaur skeleton (D:9)
  A komodo dragon (D:11)
  An efreet (D:11)
  A hornet (D:8)
  Prince Ribbit (D:5)
  Grinder (D:4)
  3 yaks (D:9)
  Edmund (D:5)
  4 sky beasts
  3 orc warriors
  3 ice beasts
  2 necrophages
  2 phantoms
  4 ogres
  4 lemures (D:6)
  10 centaurs
  2 big kobolds (Sewer)
  5 bullfrogs
  A scorpion (D:8)
  11 wights
  17 killer bees
  4 howler monkeys
  A bullfrog zombie (D:9)
  A quasit (D:8)
  3 hounds
  A jelly (D:5)
  6 orc priests
  Crazy Yiuf (D:6)
  2 bullfrog skeletons
  3 iguanas
  14 orc wizards
  9 worker ants
  A howler monkey zombie (D:8)
  3 gnolls (D:10)
  9 adders
  7 river rats
  A shadow imp (D:9)
  An ufetubus (D:5)
  3 oozes
  2 adder skeletons
  An adder zombie (D:9)
  2 worms
  2 dart slugs (D:1)
  4 leopard geckos
  68 orcs
  11 ball pythons
  6 bats
  5 giant cockroaches
  2 goblins
  8 hobgoblins
  8 jackals
  8 quokkas
  A ball python skeleton (D:5)
  11 frilled lizards
  26 kobolds
  A leopard gecko skeleton (D:5)
  A quokka zombie (D:8)
  26 rats
346 creatures vanquished.

Vanquished Creatures (collateral kills)
  2 death yaks (D:10)
  A wraith (D:11)
  2 killer bees (D:11)
  A hell rat (D:10)
  2 river rats (D:10)
  A rat (D:10)
9 creatures vanquished.

Vanquished Creatures (others)
  An orc wizard (D:8)
  2 plants (D:5)
3 creatures vanquished.

Grand Total: 358 creatures vanquished

Notes
Turn   | Place    | Note
-------+----------+-------------------------------------------
     0 | D:1      | tognito the Minotaur Berserker began the quest for the Orb.
     0 | D:1      | Reached XP level 1. HP: 19/19 MP: 0/0
    61 | D:1      | Reached skill level 4 in Axes
   104 | D:1      | Reached XP level 2. HP: 20/26 MP: 1/1
   451 | D:1      | Reached skill level 5 in Axes
   693 | D:1      | Reached ** piety under Trog
   693 | D:1      | Reached XP level 3. HP: 26/31 MP: 2/2
  1683 | D:2      | Reached XP level 4. HP: 39/39 MP: 3/3
  1684 | D:2      | Reached skill level 6 in Axes
  2332 | D:3      | Reached skill level 7 in Axes
  2332 | D:3      | Reached XP level 5. HP: 12/45 MP: 4/4
  2684 | D:3      | Reached *** piety under Trog
  2686 | D:3      | Found a glowing drain.
  2702 | Sewer    | Entered a sewer
  2944 | Sewer    | Reached skill level 8 in Axes
  2944 | Sewer    | Reached XP level 6. HP: 27/51 MP: 5/5
  3516 | Sewer    | Reached **** piety under Trog
  3531 | Sewer    | Reached skill level 9 in Axes
  4127 | D:4      | Reached XP level 7. HP: 51/57 MP: 6/6
  4130 | D:4      | Noticed Grinder
  4149 | D:4      | Killed Grinder
  4149 | D:4      | Reached skill level 10 in Axes
  4303 | D:4      | Reached skill level 11 in Axes
  4631 | D:4      | Reached XP level 8. HP: 64/64 MP: 7/7
  4863 | D:5      | Entered Level 5 of the Dungeon
  4991 | D:5      | Noticed Prince Ribbit
  5000 | D:5      | Killed Prince Ribbit
  5000 | D:5      | Reached skill level 12 in Axes
  5171 | D:5      | Found a transporter.
  5178 | D:5      | Found a transporter.
  5181 | D:5      | Noticed raph's ghost (amateur DsIE)
  5537 | D:5      | Noticed Edmund
  5548 | D:5      | Killed Edmund
  5776 | D:5      | Found a staircase to the Ecumenical Temple.
  5868 | D:6      | Reached skill level 13 in Axes
  6000 | D:6      | Gained mutation: You are partially covered in thin metallic
                  | scales. (AC +2) [potion of mutation]
  6000 | D:6      | Gained mutation: You are partially covered in iridescent
                  | scales. (AC +2) [potion of mutation]
  6082 | D:6      | Found a runed translucent door.
  6083 | D:6      | Noticed Crazy Yiuf
  6091 | D:6      | Killed Crazy Yiuf
  6183 | D:6      | Noticed Pikel
  6191 | D:6      | Killed Pikel
  6191 | D:6      | Reached skill level 14 in Axes
  6191 | D:6      | Reached XP level 9. HP: 69/70 MP: 8/8
  6609 | D:6      | Found a blossoming altar of Fedhas.
  6915 | D:7      | Reached skill level 15 in Axes
  6919 | D:7      | Reached ***** piety under Trog
  7118 | D:7      | You fall into a shaft and drop 2 floors!
  7928 | D:8      | Received a gift from Trog
  8036 | D:8      | Reached skill level 16 in Axes
  8190 | D:8      | Reached XP level 10. HP: 64/76 MP: 9/9
  8483 | D:8      | Found a runed translucent door.
  8698 | D:8      | Found a roughly hewn altar of Beogh.
  9004 | D:9      | Found a staircase to the Orcish Mines.
  9039 | D:9      | Received a gift from Trog
  9224 | D:9      | Reached skill level 17 in Axes
  9610 | D:10     | Entered Level 10 of the Dungeon
  9861 | D:10     | Noticed a death yak
  9862 | D:10     | Noticed a death yak
  9864 | D:10     | Noticed a death yak
  9869 | D:10     | Killed a death yak
  9870 | D:10     | Killed a death yak
  9874 | D:10     | Killed a death yak
  9874 | D:10     | Reached skill level 18 in Axes
  9877 | D:10     | Found a staircase to the Lair.
 10250 | D:10     | Found Bulikeur's Distillery.
 10281 | D:10     | Noticed a centaur warrior
 10290 | D:10     | Killed a centaur warrior
 10290 | D:10     | Reached XP level 11. HP: 43/81 MP: 10/10
 10808 | D:11     | Found Vaes's Jewellery Shop.
 11014 | D:11     | Reached skill level 5 in Armour
 11020 | D:11     | Reached skill level 19 in Axes
 11518 | D:11     | Found Cetuqes's Antique Armour Emporium.
 11534 | D:11     | Noticed Nergalle
 11551 | D:11     | HP: 4/82 [komodo dragon (17)]
 11554 | D:11     | HP: 1/123 [killer bee (7)]
 11560 | D:11     | HP: 4/123 [poisoned by a killer bee]
 11563 | D:11     | Noticed a boulder beetle
 11569 | D:11     | Slain by a boulder beetle

Illustrated notes

Levels and vault maps discovered:
D:1:      dpeg_cavernosity, layout_rooms, chequers_serial_rivers_micro_e
D:2:      layout_basic, serial_forest, infiniplex_forest_lined_room_2,
          infiniplex_forest_lined_2, infiniplex_forest_end_3,
          infiniplex_forest_lined_room_
D:3:      cheibrodos_pilgrimage, layout_rooms, portal_sewer_entry_e,
          kennysheep_generic_room_5
D:4:      layout_rooms, uniq_grinder
D:5:      layout_basic, lemuel_temple_firewalk_b, serial_bayou,
          serial_bayou_pond_e, serial_bayou_pond_c, serial_bayou_pond_d,
          serial_bayou_pond_d, gammafunk_ghost_stat_death, uniq_edmund,
          uniq_prince_ribbit1
D:6:      layout_basic, fedhas_altar_4, uniq_pikel, uniq_crazy_yiuf_cottage
D:7:      layout_loops_corners
D:8:      minmay_evil_eye, layout_loops_ring, lightli_church_of_beogh
D:9:      layout_roguey, hiddenorc2_lemuel
D:10:     layout_irregular_city, dpeg_lair_monsters, serial_column_ruins,
          column_ruins_open_medium, column_ruins_grid_1,
          column_ruins_columns_straight, column_ruins_grid_1,
          column_ruins_corridor_water, column_ruins_grid_1, serial_shops,
          shop_statue
D:11:     layout_irregular_city, serial_shops, shop, nicolae_shop_stone,
          kennysheep_mini_moat, nicolae_shop_temple_entry_statues_fountains,
          shop, nicolae_tso_swordbearing_angel, uniq_nergalle

Skill      XL: |  1  2  3  4  5  6  7  8  9 10 11 |
---------------+----------------------------------+-----
Axes           | 4 5 7 8 9 11 14 16 18 19 | 19.2
Armour         | 4 5 |  5.5
Fighting       | |  3.6
Dodging        | |  2.7

Action                   |  1- 3 |  4- 6 |  7- 9 | 10-12 || total
-------------------------+-------+-------+-------+-------++-------
Melee: Hand axe          |    85 |   197 |    61 |       ||   343
       Headbutt          |    12 |    30 |    37 |    35 ||   114
       War axe           |       |       |    81 |       ||    81
       Battleaxe         |       |       |    65 |   158 ||   223
       Broad axe         |       |       |    15 |    35 ||    50
 Fire: Hand crossbow     |       |     9 |    81 |    61 ||   151
Throw: Dart              |       |       |     6 |    11 ||    17
Invok: Berserk           |       |     2 |     1 |     1 ||     4
       Trog's Hand       |       |       |     1 |     2 ||     3
       Brothers in Arms  |       |       |       |     2 ||     2
  Use: Potion            |     3 |     2 |    10 |     2 ||    17
       Scroll            |       |       |     2 |     5 ||     7
 Stab: Distracted        |       |       |       |     1 ||     1
Armor: Animal skin       |    15 |    13 |       |       ||    28
       Scale mail        |       |    80 |    42 |       ||   122
       Plate armour      |       |       |    46 |   178 ||   224
Dodge: Dodged            |    45 |   122 |    83 |    95 ||   345

Table legend: (Time is in decaauts)
 A = Elapsed time spent in this place.
 B = Non-inter-level travel time spent in this place.
 C = Inter-level travel time spent in this place.
 D = Time resting spent in this place.
 E = Time spent auto-exploring this place.
 F = Levels seen in this place.
 G = Mean time per level.
                   A        B        C        D        E       F      G
               +--------+--------+--------+--------+--------+-----+--------+
         Total |  11585 |  11295 |    290 |     17 |   9418 |  12 |  965.4 |
       Dungeon |  10507 |  10217 |    290 |     17 |   8515 |  11 |  955.2 |
         Sewer |   1078 |   1078 |      0 |      0 |    902 |   1 | 1078.0 |
               +--------+--------+--------+--------+--------+-----+--------+

Top non-repeatable levels by time:
    D:10: 1141 daAuts
     D:1: 1125 daAuts
     D:8: 1078 daAuts
   Sewer: 1078 daAuts
     D:2: 1007 daAuts
     D:5: 972 daAuts
     D:7: 918 daAuts
     D:3: 912 daAuts
     D:6: 910 daAuts
     D:9: 857 daAuts
    D:11: 807 daAuts
     D:4: 773 daAuts
